 Dungeon Crawl Stone Soup version 0.24-a0-530-g18ba70b503 (webtiles) character file.

Game seed: 7765382808462675239

4 DEFE the Magician (level 1, 0/13 HPs)
             Began as a Demonspawn Wanderer on Aug 9, 2019.
             Slain by a hobgoblin
             ... wielding a +0 club
              (4 damage)
             ... on level 1 of the Dungeon.
             The game lasted 00:00:29 (391 turns).

DEFE the Magician (Demonspawn Wanderer)              Turns: 391, Time: 00:00:30

Health: 0/13       AC:  3    Str: 15    XL:     1   Next: 50%
Magic:  3/3        EV: 11    Int: 11    God:
Gold:   18         SH:  0    Dex: 11    Spells: 4/4 levels left

rFire    . . .     SeeInvis .   b - -1 whip (curse)
rCold    . . .     Gourm    .   (no shield)
rNeg     . . .     Faith    .   c - +1 robe
rPois    .         Spirit   .   (no helmet)
rElec    .         Reflect  .   (no cloak)
rCorr    .         Harm     .   (no gloves)
MR       .....                  (no boots)
Stlth    ++........             (no amulet)
HPRegen  0.04/turn              (no ring)
MPRegen  0.08/turn              (no ring)

@: no status effects
A: no striking features
a: no special abilities


You were on level 1 of the Dungeon.
You were not hungry.

You visited 1 branch of the dungeon, and saw 1 of its levels.

You collected 18 gold pieces.

Inventory:

Hand Weapons
 a - a +0 club
 b - a cursed -1 whip (weapon)
 e - a +0 dagger
Armour
 c - a +1 robe (worn)
 d - a +0 leather armour
Scrolls
 g - a scroll of teleportation {unknown}
 h - a scroll of fear {unknown}
Comestibles
 f - 4 rations


   Skills:
 + Level 1.7 Stealth
 + Level 2.3 Spellcasting
   Level 1.0 Charms
   Level 1.0 Translocations
   Level 1.7 Transmutations
   Level 2.0 Poison Magic


You had 4 spell levels left.
You didn't know any spells.
Your spell library contained the following spells:

 Spells                   Type           Power        Failure   Level  Hunger
 Sting                    Conj/Pois      #...         19%         1    ##.....
 Magic Dart               Conj           #...         28%         1    ##.....
 Blink                    Tloc           N/A          28%         2    ###....
 Call Imp                 Summ           #.......     38%         2    ###....
 Slow                     Hex            #.......     38%         2    ###....
 Mephitic Cloud           Conj/Pois/Air  #.......     54%         3    ####...
 Conjure Flame            Conj/Fire      #.......     63%         3    ####...


Dungeon Overview and Level Annotations

Branches:
Dungeon (1/15)

Altars:


Message History

h - a scroll labeled WOEGEH ROVU You now have 18 gold pieces (gained 10).
There is a stone staircase leading down here.
A hobgoblin comes into view. It is wielding a +0 club.
Unknown command.
Found a notched cabochon ring.
The hobgoblin hits you with a +0 club.
You take 5 damage, and have 8/13 hp.
MASSIVE DAMAGE!!
You barely miss the hobgoblin. The hobgoblin hits you with a +0 club.
* * * LOW HITPOINT WARNING * * *
You take 5 damage, and have 3/13 hp.
MASSIVE DAMAGE!!
Okay, then.
Things that are here:
a +0 club; a hobgoblin skeleton
There is an open door here.
The hobgoblin closely misses you. The hobgoblin hits you with a +0 club.
You die...

######### ###
#######.......#
...#..........(..# ####
#.#.............###### ...#
#..........@.......... ...#
###......###g.........
...#####......###..........
.......)......'............
#.###.###########....######
#>......# #.......
#.###.### #....### #.....#
#โ‰ˆ...# ......###
#โ‰ˆโ‰ˆยง.#


You could see a hobgoblin.

Vanquished Creatures
  A dart slug (D:1)
  A hobgoblin (D:1)
2 creatures vanquished.

Notes
Turn   | Place    | Note
-------+----------+-------------------------------------------
     0 | D:1      | DEFE the Demonspawn Wanderer began the quest for the Orb.
     0 | D:1      | DEFE set off with the following items: a +0 club, a +0
                  | robe, a +0 dagger, a ration; and the following spells
                  | available to memorise: Sting, Magic Dart, Blink, Call Imp,
                  | Slow, Mephitic Cloud, Conjure Flame
     0 | D:1      | Reached XP level 1. HP: 13/13 MP: 3/3
   391 | D:1      | Slain by a hobgoblin

Levels and vault maps discovered:
D:1:      dpeg_arrival_signposts, layout_basic, lemuel_another_geyser

Action                   || total
-------------------------++-------
Melee: Whip              ||    22
  Use: Scroll            ||     1
Armor: Robe              ||     2
Dodge: Dodged            ||    14

Table legend:
 A = Non-vault XP
 B = Vault XP
 C = Vault XP percentage of total XP
 D = Non-vault monster count
 E = Vault monster count
 F = Vault count percentage of total count
                 A         B        C        D         E       F
            +---------+---------+-------+---------+---------+-------
      Total |       6 |       0 |   0.0 |       2 |       0 |   0.0
            +---------+---------+-------+---------+---------+-------
        D:1 |       6 |       0 |   0.0 |       2 |       0 |   0.0
            +---------+---------+-------+---------+---------+-------
